 Dungeon Crawl Stone Soup version 0.26-a0-651-gb41185065b (webtiles) character file.

Game seed: 13684914826451550545

8 Peloso the Skirmisher (level 2, 24/24 HPs)
             Began as a Demonspawn Fighter on Sept 28, 2020.
             Got out of the dungeon alive.
             The game lasted 00:00:49 (608 turns).

Peloso the Skirmisher (Demonspawn Fighter)           Turns: 608, Time: 00:00:50

Health: 24/24      AC:  6    Str: 16    XL:     2   Next: 0%
Magic:  2/2        EV:  6    Int:  9    God:
Gold:   9          SH:  8    Dex: 12    Spells: 1/1 levels left

rFire    . . .     SeeInvis .   a - +0 long sword
rCold    . . .     Faith    .   c - +0 kite shield
rNeg     . . .     Spirit   .   b - +0 scale mail
rPois    .         Reflect  .   (helmet restricted)
rElec    .         Harm     .   (no cloak)
rCorr    .         Rampage  .   (no gloves)
MR       .....                  (no boots)
Stlth    ..........             (no amulet)
HPRegen  0.08/turn              (no ring)
MPRegen  0.08/turn              (no ring)

@: no status effects
A: antennae 1
a: no special abilities


You escaped.
You visited 1 branch of the dungeon, and saw 1 of its levels.

You collected 9 gold pieces.

Inventory:

Hand Weapons
 a - a +0 long sword (weapon)
Armour
 b - a +0 scale mail (worn)
 c - a +0 kite shield (worn)
Scrolls
 e - a scroll of remove curse {unknown}
 f - 2 scrolls of identify {unknown}
Potions
 d - a potion of might
 i - a potion of ambrosia


   Skills:
 + Level 3.1 Fighting
 + Level 1.9 Long Blades
 + Level 3.0 Armour
 + Level 2.7 Shields


You had one spell level left.
You didn't know any spells.
Your spell library was empty.

Dungeon Overview and Level Annotations

Branches:
Dungeon (1/15)

Altars:


Innate Abilities, Weirdness & Mutations

You have a pair of small antennae on your head.


Message History

A bat is nearby!
A bat is nearby!
A bat is nearby!
A bat is nearby!
You barely miss the bat. The bat hits you. The bat hits you but does no damage.
The bat closely misses you.
You riposte.
You slash the bat!
You kill the bat!
You have reached level 2!
Your demonic ancestry asserts itself...
A pair of antennae grows on your head!
(D) Dungeon
Where to? (? - help)
What level of the Dungeon? (default 1, ? - help) HP restored.
You see here a +0 club.
You see here a +0 club.
There is a large open door here.
There is a staircase leading out of the dungeon here.
Are you sure you want to leave the Dungeon?
This will make you lose the game!
You have escaped!

...# #### #### #.#
...# ≈≈≈≈≈≈### #.#
..## ≈§§§≈≈≈## #.#
÷## §≈#§§§≈≈#
######.# .###
≈≈≈≈≈≈≈≈###......#
P.......
≈≈§≈≈#≈≈##.######
#####..#
####≈≈§≈≈#..#
#>.......'.##
#@..§§...'.# .#
####§≈≈≈≈### .#.#
§≈≈§§§#≈§# ..#
§§§§≈§§≈## ..
≈≈§#≈§≈§≈#
≈§≈≈≈≈§§≈##
#§§§§§§###
########


There were no monsters in sight!

Vanquished Creatures
  2 goblins (D:1)
  A hobgoblin (D:1)
  2 bats (D:1)
  A frilled lizard (D:1)
  A kobold (D:1)
  2 rats (D:1)
9 creatures vanquished.

Notes
Turn   | Place    | Note
-------+----------+-------------------------------------------
     0 | D:1      | Peloso the Demonspawn Fighter began the quest for the Orb.
     0 | D:1      | Reached XP level 1. HP: 18/18 MP: 1/1
   510 | D:1      | Gained mutation: You have a pair of small antennae on your
                  | head. [demonic ancestry]
   510 | D:1      | Reached XP level 2. HP: 23/24 MP: 2/2
   608 | D:$      | Got out of the dungeon alive.

Illustrated notes

Levels and vault maps discovered:
D:1:      lightli_molten_gateway, layout_loops_cross, serial_forest,
          infiniplex_forest_lined_room_3, infiniplex_forest_clump_diagonal,
          infiniplex_forest_clump_diagonal, infiniplex_forest_corner_1,
          infiniplex_forest_lined_ring, infiniplex_forest_straight_4,
          infiniplex_forest_end_double, infiniplex_forest_lined_2, minivault_27

Skill      XL: |  1 |
---------------+----+-----
Armour         | 3 |  3.0
Fighting       | |  3.1
Long Blades    | |  1.9
Shields        | |  2.7

Action                   || total
-------------------------++-------
Melee: Long sword        ||    35
  Use: Potion            ||     3
Armor: Scale mail        ||    15
Dodge: Dodged            ||    10
Block: Kite shield       ||    16
       Rpst.: Long sword ||     4

Table legend: (Time is in decaauts)
 A = Elapsed time spent in this place.
 B = Non-inter-level travel time spent in this place.
 C = Inter-level travel time spent in this place.
 D = Time resting spent in this place.
 E = Time spent auto-exploring this place.
 F = Levels seen in this place.
 G = Mean time per level.
                   A        B        C        D        E       F      G
               +--------+--------+--------+--------+--------+-----+--------+
         Total |    621 |    525 |     96 |     49 |    374 |   1 |  621.0 |
       Dungeon |    621 |    525 |     96 |     49 |    374 |   1 |  621.0 |
               +--------+--------+--------+--------+--------+-----+--------+

Top non-repeatable levels by time:
     D:1: 621 daAuts
